 Dungeon Crawl Stone Soup version 0.17-a0-430-g8a98999 (webtiles) character file.

66 Pikaro the Sneak (level 3, 0/16 HPs)
             Began as a Spriggan Enchanter on Apr 4, 2015.
             Succumbed to an adder's poison
             ... on level 2 of the Dungeon.
             The game lasted 00:02:50 (1408 turns).

Pikaro the Sneak (Spriggan Enchanter)               Turns: 1408, Time: 00:02:50

Health: 0/16       AC:  3    Str:  4    XL:     3   Next: 96%
Magic:  6/6        EV: 18    Int: 16    God:
Gold:   83         SH:  0    Dex: 17    Spells: 1 memorised, 6 levels left

rFire  . . .     SeeInvis +     a - +1 dagger
rCold  . . .     Clarity  .     b - +1 robe
rNeg   . . .     SustAb   .     (shield restricted)
rPois  .         Gourm    .     (helmet restricted)
rElec  .         Spirit   .     (no cloak)
rCorr  .         Warding  .     (gloves unavailable)
rMut   .         Stasis   .     (boots unavailable)
MR     .....                    (no amulet)
Stlth  ++........               (no ring)
                                i - ring of loudness (curse) {Stlth-}

@: lethally poisoned (0 -> -7), very quick, not resistant to hostile
enchantments, unstealthy
A: unfitting armour, see invisible, herbivore 3, speed 3, slow metabolism 2,
evolution 1
a: no special abilities


You were on level 2 of the Dungeon.
You were not hungry.

You visited 1 branch of the dungeon, and saw 2 of its levels.

You collected 83 gold pieces.

Inventory:

Hand weapons
 a - a +1 dagger (weapon)
Armour
 b - a +1 robe (worn)
Jewellery
 i - a cursed ring of loudness (left hand) {Stlth-}
   (You found it on level 1 of the Dungeon)
Scrolls
 e - 2 scrolls of identify
Potions
 f - a potion of brilliance
Books
 c - a book of Maledictions
Comestibles
 d - 2 bread rations


   Skills:
 + Level 4.2 Short Blades
 - Level 3.0 Dodging
 - Level 4.4 Stealth
 - Level 2.6 Spellcasting
 - Level 3.6 Hexes


You had 6 spell levels left.
You knew the following spells:

 Your Spells              Type           Power        Failure   Level  Hunger
A - Corona                Hex            ##.....      6%          1    #......


Dungeon Overview and Level Annotations

Branches:
Dungeon (2/15)

Altars:


Innate Abilities, Weirdness & Mutations

You are tiny and cannot use many weapons and most armour.
You have supernaturally acute eyesight.
You are a herbivore.
You cover ground extremely quickly.
You need consume almost no food.
You evolve.


Message History

You closely miss the adder. The adder closely misses you.
You miss the adder. The adder completely misses you.
You hit the adder. The adder misses you.
You miss the adder. The adder closely misses you.
You hit the adder but do no damage. The adder barely misses you.
You hit the adder but do no damage. The adder misses you.
You hit the adder but do no damage. The adder barely misses you.
You hit the adder. The adder closely misses you.
You hit the adder.
You kill the adder!
Your Short Blades skill increases to level 4!
You now have 83 gold pieces (gained 2).
A kobold comes into view.
The kobold throws a stone.
The stone hits you.
You see here a stone.
You take 1 damage, and have 15/16 hp.
You hit the kobold but do no damage. The kobold misses you.
You hit the kobold but do no damage. The kobold closely misses you.
You miss the kobold. The kobold closely misses you.
You hit the kobold. The kobold closely misses you.
You hit the kobold.
You kill the kobold!
No target in view!
You start resting.
Health restored: 16; Total turns waited: 12 An adder comes into view.
You hit the adder. The adder bites you.
You take 2 damage, and have 14/16 hp.
You completely miss the adder. The adder bites you.
You take 3 damage, and have 11/16 hp.
You closely miss the adder. The adder closely misses you.
You closely miss the adder. The adder closely misses you.
You hit the adder. The adder misses you.
You barely miss the adder. The adder misses you.
You hit the adder but do no damage. The adder bites you.
You take 1 damage, and have 10/16 hp.
You hit the adder. The adder misses you.
You barely miss the adder. The adder misses you.
You miss the adder. The adder bites you.
You are poisoned.
The adder poisons you!
You take 3 damage, and have 7/16 hp.
HP at 43%!
Drink which item? (? for menu, Esc to quit)
You feel better. The adder barely misses you. The adder barely misses you.
You regained 6 hp, and now have 13/16 hp.
You barely miss the adder. The adder misses you.
You miss the adder. The adder bites you.
You are poisoned.
The adder poisons you!
You take 5 damage, and have 8/16 hp.
MASSIVE DAMAGE!!
HP at 50%!
Drink which item? (? for menu, Esc to quit)
Okay, then.
You completely miss the adder.
You feel sick. The adder misses you.
You take 1 damage, and have 7/16 hp.
Aim: an adder (moderately wounded, chance 58%)
The adder is outlined in light.
The adder barely misses you.
You now have 5/6 mp.
You hit the adder but do no damage. The adder barely misses you.
You barely miss the adder. The adder closely misses you.
You closely miss the adder.
You feel sick. The adder completely misses you.
You take 1 damage, and have 6/16 hp.
You closely miss the adder. The adder bites you but does no damage.
You hit the adder. The adder bites you but does no damage.
You hit the adder. The adder bites you.
* * * LOW HITPOINT WARNING * * *
You are lethally poisoned!
The adder poisons you!
You take 3 damage, and have 3/16 hp.
HP at 18%!
You are alive.
You are lethally poisoned (3 -> -6).
Your movement speed is very quick.
Your attack speed is above average.
You are not resistant to hostile enchantments.
You feel unstealthy.
You hit the adder.
* * * LOW HITPOINT WARNING * * *
You feel sick. The adder bites you but does no damage.
You take 1 damage, and have 2/16 hp.
You hit the adder.
You kill the adder!
A bat comes into view.
* * * LOW HITPOINT WARNING * * *
You feel sick.
A giant cockroach comes into view.
MP restored: 6 The bat misses you.
You see here a black potion.
g - a black potion
* * * LOW HITPOINT WARNING * * *
You feel sick. The bat completely misses you. The bat misses you.
You take 1 damage, and have 1/16 hp.
Drink which item? (? for menu, Esc to quit)
It was a potion of beneficial mutation.
You feel nature experimenting on you.
Don't worry, failures die fast.
You feel fantastic! The bat closely misses you.
Drink which item? (? for menu, Esc to quit)
Okay, then.
The bat hits you but does no damage.
You die...

###### ##.... ##....
..# ##.... ##..#
#....##?#..#
#....#.##..#
#[.@..##...#
#..##.....#.# #.
#.#b..##.# #
#(##...##.#########
###................
#......s####.########.
.......# #.# #.
#.......# #.# ##.
#.....## #.# ##.#


You could see a bat.

Vanquished Creatures
  A gnoll (D:1)
  3 adders (D:2)
  A giant mite (D:2)
  3 bats (D:1)
  A giant cockroach (D:2)
  A goblin (D:1)
  5 kobolds
  A ball python (D:1)
  A giant newt (D:2)
  4 rats (D:1)
21 creatures vanquished.

Notes
Turn   | Place    | Note
--------------------------------------------------------------
     0 | D:1      | Pikaro, the Spriggan Enchanter, began the quest for the Orb.
     0 | D:1      | Reached XP level 1. HP: 9/9 MP: 4/4
   364 | D:1      | Reached skill level 2 in Short Blades
   471 | D:1      | Reached XP level 2. HP: 13/13 MP: 5/5
   569 | D:1      | HP: 2/13 [gnoll/spear (3)]
   985 | D:1      | Reached skill level 3 in Short Blades
  1151 | D:2      | Reached XP level 3. HP: 14/16 MP: 6/6
  1321 | D:2      | Reached skill level 4 in Short Blades
  1395 | D:2      | HP: 3/16 [adder (3)]
  1400 | D:2      | HP: 2/16 [poisoned by an adder]
  1405 | D:2      | Gained mutation: You evolve. [potion of beneficial mutation]
  1408 | D:2      | Succumbed to an adder's poison

Action                   || total
-------------------------++-------
Melee: Dagger            ||   127
 Cast: Corona            ||     1
  Use: Scroll            ||     3
       Potion            ||     3
 Stab: Sleeping          ||     3

Vault maps used:
D:1:      onia_arrival_handbag, minivault_27, minivault_23, wad_floor_pattern_1
D:2:      minmay_bisected, uniq_natasha

Table legend:
 A = Turns spent in this place as a percentage of turns spent in the entire game.
 B = Non-inter-level travel turns spent in this place as a percentage of non-inter-level travel turns spent in the entire game.
 C = Inter-level travel turns spent in this place as a percentage of turns spent in this place.
 D = Turns resting spent in this place as a percentage of non-inter-level travel turns spent in this place.
 E = Turns spent auto-exploring this place as a percentage of non-inter-level travel turns spent in this place.
 F = Non-inter-level travel turns spent in this place divided by the number of levels of this place that you've seen.
                   A       B       C       D       E      F
               +-------+-------+-------+-------+-------+----------------------
         Total | 100.0 | 100.0 |   0.3 |   5.5 |   9.0 | 145.0
       Dungeon | 100.0 | 100.0 |   0.3 |   5.5 |   9.0 | 145.0
               +-------+-------+-------+-------+-------+----------------------

Table legend:
 A = Kills in this place as a percentage of kills in entire the game.
 B = Kills by you in this place as a percentage of kills by you in the entire game.
 C = Kills by friends in this place as a percentage of kills by friends in the entire game.
 D = Other kills in this place as a percentage of other kills in the entire game.
 E = Experience gained in this place as a percentage of experience gained in the entire game.
 F = Experience gained in this place divided by the number of levels of this place that you have seen.
                   A       B       C       D       E      F
               +-------+-------+-------+-------+-------+----------------------
         Total | 100.0 | 100.0 |  -nan |  -nan | 100.0 |  47.5
       Dungeon | 100.0 | 100.0 |  -nan |  -nan | 100.0 |  47.5
               +-------+-------+-------+-------+-------+----------------------
